Map: Sludge City

Players

Chrisch

  • Race: Protoss Protoss
  • Spawn Location: 9:00

Tossmetal

  • Race: Protoss Protoss
  • League: Silver
  • Spawn Location: 11:00

JohnMcClane - Winner!

  • Race: Protoss Protoss
  • League: Silver
  • Spawn Location: 5:00

Hindulaatti - Winner!

  • Race: Terran Terran
  • League: Diamond
  • Spawn Location: 5:00

VOD

Have the link to the VOD?

Description

Time

  • Played on: Jan. 20, 2016, 4:22 a.m.
  • Length: 8:22
Show
View Real Time Build Order
Export as new Build Order

Chrisch Protoss 

Build Orders: Dark Templar Rush 

Get SALT Encoding   

  12  0:02  Probe (Chrono Boost)  
  13  0:14  Probe (Chrono Boost)  
  14  0:24  Probe (Chrono Boost)  
  15  0:33  Pylon  
  15  0:51  Probe (Chrono Boost)  
  16  0:59  Gateway  
  16  1:02  Probe (Chrono Boost)  
  16  1:03  Forge  
  17  1:07  Pylon  
  17  1:12  Probe (Chrono Boost)  
  17  1:15  Pylon  
  18  1:18  Assimilator  
  18  1:32  Probe (Chrono Boost)  
  19  1:35  Assimilator  
  19  1:42  Probe (Chrono Boost)  
  20  1:47  Cybernetics Core  
  20  1:59  Photon Cannon  
  20  2:08  Gateway  
  20  2:12  Probe (Chrono Boost)  
  21  2:19  Cybernetics Core  
  21  2:25  Twilight Council  
  21  2:38  Protoss Ground Weapons Level 1 (Chrono Boost)  
  21  2:41  Probe (Chrono Boost)  
  22  2:46  Warp Gate  
  22  2:54  Pylon  
  22  3:04  Gateway  
  22  3:17  Dark Shrine  
  22  3:30  Pylon  
  22  3:31  Stalker  
  18  3:54  Photon Cannon  
  14  4:05  Probe  
  10  4:17  Probe  
  11  4:30  Probe  
  10  4:42  Probe (Chrono Boost)  
  11  4:53  Probe (Chrono Boost)  
  10  5:03  Probe (Chrono Boost)  
  11  5:19  Probe (Chrono Boost)  
  12  5:30  Probe (Chrono Boost)  
  13  5:40  Probe (Chrono Boost)  
  14  5:51  Probe (Chrono Boost)  
  15  6:00  Stalker  
  15  6:01  Probe (Chrono Boost)  
  18  6:12  Probe (Chrono Boost)  
  19  6:22  Probe (Chrono Boost)  
  20  6:33  Probe (Chrono Boost)  
  20  6:39  Nexus  
  21  6:55  Probe (Chrono Boost)  
  22  7:05  Probe (Chrono Boost)  
  23  7:09  Forge  
  23  7:22  Assimilator  
  23  7:30  Probe (Chrono Boost)  
  23  7:34  Stalker  
  26  7:41  Probe (Chrono Boost)  
  27  7:45  Assimilator  
  27  7:51  Stalker  
Show
View Real Time Build Order
Export as new Build Order

Tossmetal Protoss 

Build Orders: Double Forge 

Get SALT Encoding   

  12  0:02  Probe (Chrono Boost)  
  13  0:12  Probe (Chrono Boost)  
  14  0:23  Probe (Chrono Boost)  
  15  0:37  Pylon  
  15  0:51  Assimilator  
  15  0:55  Probe (Chrono Boost)  
  16  1:01  Gateway  
  16  1:05  Probe (Chrono Boost)  
  17  1:16  Probe (Chrono Boost)  
  18  1:30  Probe (Chrono Boost)  
  19  1:33  Nexus  
  19  1:41  Probe (Chrono Boost)  
  20  1:51  Zealot  
  20  1:52  Probe (Chrono Boost)  
  23  2:01  Cybernetics Core  
  23  2:13  Assimilator  
  23  2:24  Pylon  
  23  2:30  Pylon  
  23  2:39  Warp Gate  
  23  2:42  Zealot  
  23  2:43  Probe (Chrono Boost)  
  26  2:46  Probe (Chrono Boost)  
  27  2:53  Probe (Chrono Boost)  
  27  2:57  Probe (Chrono Boost)  
  29  3:04  Probe (Chrono Boost)  
  30  3:06  Gateway  
  30  3:07  Probe (Chrono Boost)  
  30  3:10  Sentry  
  33  3:14  Probe (Chrono Boost)  
  34  3:21  Forge  
  34  3:23  Forge  
  34  3:25  Probe x2 (Chrono Boost)  
  36  3:28  Assimilator  
  36  3:30  Assimilator  
  36  3:40  Stalker  
  38  3:55  Stalker  
  40  3:56  Protoss Ground Weapons Level 1 (Chrono Boost)  
  40  3:58  Protoss Ground Armor Level 1 (Chrono Boost)  
  40  4:00  Probe  
  40  4:02  Mothership Core  
  43  4:13  Probe  
  45  4:24  Probe  
  45  4:25  Stalker, Probe  
  48  4:36  Probe, Stalker  
  48  4:37  Probe  
  52  4:48  Twilight Council, Probe  
  52  4:49  Pylon, Probe  
  54  5:07  Probe  
  55  5:42  Blink  
  53  5:43  Stalker  
  53  5:45  Probe  
  42  5:52  Photon Cannon  
  35  5:57  Probe  
  35  5:59  Stalker  
  36  6:08  Protoss Ground Weapons Level 2 (Chrono Boost)  
  36  6:10  Probe  
  37  6:14  Photon Cannon  
  37  6:16  Probe  
  38  6:22  Probe  
  39  6:28  Probe  
  39  6:29  Pylon  
  39  6:32  Pylon  
  40  6:34  Probe  
  40  6:35  Pylon  
  40  6:39  Stalker  
  43  6:40  Probe  
  43  6:41  Pylon  
  43  6:46  Probe  
  45  6:47  Nexus  
  45  6:51  Pylon  
  45  6:52  Probe  
  45  6:53  Pylon  
  46  6:57  Assimilator  
  46  6:58  Probe  
  47  7:02  Gateway x2  
  47  7:04  Probe  
  47  7:06  Gateway x2  
  48  7:10  Probe  
  49  7:16  Probe  
  49  7:22  Probe  
  51  7:29  Probe  
  52  7:31  Stalker  
  52  7:34  Probe  
  55  7:41  Probe  
  56  7:46  Probe, Photon Cannon  
  56  7:48  Photon Cannon  
  57  7:57  Probe  
  57  7:58  Probe  
  57  8:08  Probe  
  55  8:15  Stalker x5  
Show
View Real Time Build Order
Export as new Build Order

JohnMcClane Protoss - Winner!

Build Orders: Oracle Opening 

Get SALT Encoding   

  12  0:01  Probe (Chrono Boost)  
  13  0:11  Probe (Chrono Boost)  
  14  0:20  Pylon  
  14  0:22  Probe (Chrono Boost)  
  15  0:38  Probe (Chrono Boost)  
  15  0:39  Gateway  
  16  0:48  Probe (Chrono Boost)  
  16  0:49  Assimilator  
  17  0:54  Assimilator  
  17  0:59  Probe (Chrono Boost)  
  18  1:09  Probe (Chrono Boost)  
  19  1:19  Pylon  
  19  1:22  Probe (Chrono Boost)  
  20  1:26  Cybernetics Core  
  20  1:32  Probe (Chrono Boost)  
  21  1:43  Probe (Chrono Boost)  
  22  1:53  Probe (Chrono Boost)  
  23  2:03  Stargate  
  23  2:04  Probe (Chrono Boost)  
  24  2:12  Warp Gate  
  24  2:15  Mothership Core (Chrono Boost)  
  26  2:25  Pylon  
  26  2:33  Probe (Chrono Boost)  
  27  2:45  Probe (Chrono Boost)  
  27  2:47  Oracle (Chrono Boost)  
  31  2:57  Nexus  
  31  3:10  Pylon  
  31  3:19  Oracle (Chrono Boost)  
  34  3:50  Oracle (Chrono Boost)  
  37  4:01  Probe  
  38  4:07  Gateway x2  
  38  4:12  Gateway  
  38  4:13  Pylon, Probe  
  38  4:32  Probe  
  38  4:36  Assimilator  
  39  4:39  Assimilator  
  39  4:42  Pylon  
  39  4:44  Probe  
  40  4:56  Probe (Chrono Boost)  
  41  5:09  Probe (Chrono Boost)  
  41  5:11  Pylon  
  42  5:15  Probe (Chrono Boost)  
  42  5:19  Probe (Chrono Boost)  
  44  5:22  Zealot x3  
  44  5:23  Zealot  
  44  5:27  Probe (Chrono Boost)  
  53  5:30  Probe (Chrono Boost)  
  52  5:42  Nexus  
  48  5:45  Pylon  
  46  6:03  Stalker x4  
  54  6:10  Gateway  
  54  6:11  Pylon  
  54  6:14  Gateway  
  54  6:15  Gateway  
  54  6:20  Forge, Probe (Chrono Boost)  
  54  6:21  Pylon  
  55  6:26  Probe (Chrono Boost)  
  55  6:30  Probe (Chrono Boost)  
  57  6:32  Assimilator  
  57  6:37  Assimilator  
  57  6:38  Pylon  
  57  6:39  Oracle  
  60  6:43  Probe x2 (Chrono Boost)  
  62  6:47  Forge  
  62  6:50  Pylon  
  62  7:03  Probe x2 (Chrono Boost)  
  64  7:08  Photon Cannon  
  64  7:25  Stalker x5  
  64  7:28  Probe x2 (Chrono Boost)  
  76  7:33  Twilight Council  
  76  7:36  Probe (Chrono Boost)  
  77  7:38  Probe (Chrono Boost)  
  78  7:49  Pylon  
  78  7:57  Pylon  
  78  8:02  Pylon  
  78  8:05  Probe x3 (Chrono Boost)  
Show
View Real Time Build Order
Export as new Build Order

Hindulaatti Terran - Winner!

Build Orders:  

Get SALT Encoding   

  12  0:01  SCV  
  13  0:13  SCV  
  14  0:18  Supply Depot  
  14  0:25  SCV  
  15  0:40  SCV  
  15  0:42  Barracks  
  16  0:52  SCV  
  17  1:04  SCV  
  17  1:06  Refinery  
  18  1:16  SCV  
  19  1:30  Orbital Command, Marine  
  20  1:34  Supply Depot  
  20  1:44  Command Center  
  20  1:48  Marine  
  21  1:56  SCV  
  22  2:06  Marine  
  22  2:07  Factory  
  23  2:12  SCV  
  24  2:24  Marine, SCV  
  26  2:36  SCV  
  27  2:41  Command Center  
  27  2:48  Barracks Reactor, SCV  
  28  2:58  Orbital Command  
  30  3:01  SCV  
  29  3:05  Factory Tech Lab  
  29  3:13  Orbital Command, SCV  
  30  3:24  Marine x2  
  30  3:25  SCV  
  33  3:32  Siege Tank  
  36  3:40  SCV x2  
  38  3:44  Marine x2  
  40  3:50  Barracks  
  40  3:52  SCV  
  40  3:54  Orbital Command  
  41  3:56  Refinery, SCV  
  41  4:02  Marine x2  
  44  4:05  Starport, SCV  
  44  4:07  Widow Mine  
  47  4:14  Bunker, SCV  
  47  4:17  SCV  
  49  4:26  Marine x2  
  49  4:27  Orbital Command, SCV  
  49  4:29  SCV  
  49  4:30  Supply Depot  
  53  4:32  Supply Depot  
  53  4:39  Refinery, SCV  
  53  4:41  SCV  
  53  4:43  Barracks Tech Lab  
  55  4:46  Barracks  
  55  4:47  Starport Reactor  
  55  4:51  SCV  
  55  4:52  Supply Depot  
  56  4:53  SCV  
  56  4:57  Supply Depot  
  56  4:58  Marine x2, Siege Tank  
  62  5:03  SCV  
  62  5:05  SCV  
  64  5:14  SCV  
  64  5:15  SCV  
  64  5:16  Marine x2  
  64  5:17  SCV  
  64  5:21  Stimpack, Barracks x2  
  69  5:26  SCV  
  69  5:27  SCV  
  71  5:29  Refinery, SCV  
  71  5:32  Siege Tank  
  75  5:38  Engineering Bay, SCV  
  75  5:39  Supply Depot  
  75  5:40  Supply Depot  
  75  5:41  SCV x2  
  78  5:45  Barracks Reactor  
  78  5:53  Refinery  
  78  5:54  Refinery  
  78  5:57  SCV  
  78  5:58  SCV x2  
  78  5:59  Marauder, Marine x2  
  85  6:05  Medivac x2, Hellion  
  85  6:10  SCV x3  
  94  6:16  Marine  
  95  6:22  SCV  
  95  6:24  Terran Infantry Weapons Level 1  
  96  6:28  Armory, Barracks Reactor  
  96  6:29  Marine, Engineering Bay, Barracks Reactor  
  96  6:30  Marine x3  
  100  6:34  Marine  
  100  6:37  Medivac  
  100  6:38  SCV x3, Barracks x2  
  100  6:39  Barracks  
  106  6:41  Barracks  
  106  6:43  Barracks x2  
  106  6:47  Marine  
  107  6:56  Marauder  
  109  7:02  Supply Depot  
  109  7:06  Supply Depot  
  109  7:07  Supply Depot  
  109  7:08  Supply Depot  
  109  7:09  Supply Depot  
  109  7:13  Supply Depot x2  
  109  7:23  Marine x5, Siege Tank  
  109  7:27  Medivac x2, Marine x4  
  125  7:32  Barracks Tech Lab, Barracks Reactor  
  125  7:33  Barracks Tech Lab x3, Barracks Reactor  
  125  7:41  Ghost Academy, Marine x4  
  125  7:42  Marine  
  130  7:45  Marauder, Marine x3  
  137  7:59  Marine x4  
Tags
 
Add a new tag
Caveats
  • Supply blocks, unpowered buildings, or Contaminate may cause inaccurate times.
  • Supply counts are checked every 10 seconds.